Unix NetHack Version 3.7.0-102 Work-in-progress - last build Apr 6 2024 13:22:21 (d302a6a9ff6341f1a922d8f5af178406b35fdf99,branch:master). Game began 2024-05-02 17:04:04, ended 2024-05-02 17:26:51. McPanther, chaotic male human Priest --- --..-- |.....-- |......| ---|-.....| ..--- --.--.)(.-- |..... |....---- -..... -..-- |..--.. |@a-- --...^.---- --aq.| ..........---.).-- --.....--..>..)... --.... ----....... --.... |.)...... --... --<..---. |..- |...| -.--- -- McPanther the Acolyte St:14 Dx:11 Co:14 In:10 Wi:18 Ch:10 Chaotic S:1216 Dlvl:4 $:92 HP:0(36) Pw:32(45) AC:4 Xp:5/231 T:2093 Latest messages: What do you want to wield? [- atzDFIK or ?*] You secure the tether. t - a blessed thonged club (tethered to right hand). You feel your magical energy drain away! What do you want to throw? [$atzDFIK or ?*] In what direction? The thonged club misses the giant ant. The thonged club returns to your hand! The giant ant misses! The giant ant bites! What do you want to zap? [v or ?*] In what direction? You are suddenly moving much faster. The giant ant misses! The giant ant just misses! The giant ant just misses! You miss the rothe. The rothe hits! The rothe misses! The rothe bites! You see here a blessed crossbow bolt. What do you want to throw? [$atzDFIK or ?*] In what direction? The stout spear hits the rothe! The giant ant bites! # Are you sure you want to pray? [yn] (n) You begin praying to Anhur. You are surrounded by a shimmering light. The giant ant starts to attack you, but pulls back. The rothe starts to attack you, but pulls back. The giant ant starts to attack you, but pulls back. The giant ant starts to attack you, but pulls back. The rothe starts to attack you, but pulls back. The giant ant starts to attack you, but pulls back. The giant ant starts to attack you, but pulls back. The giant ant starts to attack you, but pulls back. You finish your prayer. You feel that Anhur is well-pleased. What do you want to read? [ghopuyH or ?*] As you read the scroll, it disappears. Your thonged club glows blue for a while. The giant ant bites! The giant ant bites! The rothe misses! The rothe bites! The rothe bites again! You die... Do you want your possessions identified? [ynq] (y) Do you want to see your attributes? [ynq] (y) Inventory: Coins $ - 92 gold pieces Weapons F - 7 +0 arrows z - 22 +0 darts (at the ready) I - a +0 dagger t - a blessed +3 aklys (tethered to right hand) a - a blessed +1 mace D - a +0 scimitar Armor E - a blessed +0 orcish helm (being worn) L - a +0 pair of iron shoes (being worn) c - a +0 small shield (being worn) s - a +0 cloak of displacement r - a +0 dwarvish cloak b - a +0 robe (being worn) Comestibles M - a food ration Scrolls H - a scroll of destroy armor y - a scroll of gold detection o - a scroll of identify Spellbooks h - a spellbook of identify g - a spellbook of light u - a spellbook of sleep Potions n - a potion of fruit juice C - a cursed potion of gain energy d - 4 potions of holy water Wands v - a wand of speed monster (0:4) Gems/Stones J - a worthless piece of green glass G - 2 worthless pieces of white glass w - a worthless piece of yellow glass McPanther the Priest's attributes: Background: You were an Acolyte, a level 5 human Priest. You were chaotic, on a mission for Anhur who was opposed by Ptah (lawful) and Thoth (neutral). You were right-handed. You were in the Gnomish Mines, on level 4. You entered the dungeon 2093 turns ago. You had 231 experience points, 89 more were needed to attain level 6. Your score was 1216 before end-of-game adjustments. Basics: You had 0 out of 36 hit points. You had 32 out of 45 energy points (spell power). Your armor class was 4. Your wallet contained 92 zorkmids. Autopickup was on for '$"?!=/' plus thrown, with exceptions. Final Characteristics: Your strength was 14 (limit:18/100). Your dexterity was 11 (limit:18). Your constitution was 14 (limit:18). Your intelligence was 10 (limit:18). Your wisdom was 18 (limit:18). Your charisma was 10 (limit:18). Final Status: You weren't hungry. You were unencumbered. You were wielding a club. You were unskilled in club. Final Attributes: You were piously aligned. You were guarded. You were very fast. You are dead. Miscellaneous: You never encountered a bones level. Total elapsed playing time was 22 minutes and 45 seconds. Major events: Turn 1: McPanther the chaotic human Priest entered the dungeon 658: entered the Gnomish Mines 685: attained the rank of Acolyte (level 3) 2093: killed by a rothe Vanquished creatures: 3 fog clouds 2 gnome leaders an elf zombie a little dog 2 kittens 2 dwarves an orc zombie an iguana an acid blob a hobbit 2 large kobolds a hobgoblin 3 giant rats 9 gnomes a gecko 2 jackals a sewer rat 2 grid bugs a bat 4 lichens a kobold zombie 3 newts 45 creatures vanquished. No species were genocided or became extinct. Voluntary challenges: You read items or engraved 5 times. You never engraved Elbereth. You never genocided any monsters. You never polymorphed an object. You never changed form. You used no wishes. Achievements: You entered a shop. You entered the Gnomish Mines. You attained the rank of Acolyte. The Dungeons of Doom: levels 1 to 5 Level 1: A fountain. Level 2: Level 3: An altar. Stairs down to The Gnomish Mines. Level 4: Level 5: A grave. The Gnomish Mines: levels 4 to 5 Level 4: <- You were here. Final resting place for you, killed by a rothe. Level 5: Game over: ---------- / \ / REST \ / IN \ / PEACE \ / \ | McPanther | | 92 Au | | killed by a | | rothe | | | | | | 2024 | *| * * * | * _________)/\\_//(\/(/\)/\//\/|_)_______ Goodbye McPanther the Priest... You died in The Gnomish Mines on dungeon level 4 with 1207 points, and 92 pieces of gold, after 2093 moves. You were level 5 with a maximum of 36 hit points when you died.